 Dungeon Crawl Stone Soup version 0.22-a0-565-gfc6459a524 (webtiles) character file.

863591 ZyGmUnTMoLoTcH the Axe Maniac (level 27, -1/273 HPs)
             Began as a Minotaur Fighter on June 27, 2018.
             Was an Elder of Makhleb.
             Killed from afar by an oklob plant (3 damage)
             ... with a splash of acid
             ... on level 13 of a ziggurat on June 29, 2018.
             The game lasted 03:21:37 (75648 turns).

ZyGmUnTMoLoTcH the Axe Maniac (Minotaur Fighter)   Turns: 75648, Time: 03:21:37

Health: -1/273     AC: 36    Str: 34      XL:     27
Magic:  18/40      EV: 22    Int:  9      God:    Makhleb [****..]
Gold:   3741       SH:  0    Dex: 17 (18) Spells: 30/55 levels left

rFire    + + +     SeeInvis +   O - +9 battleaxe of Classification {chop, rF++ Str+3}
rCold    + + +     Gourm    .   (shield currently unavailable)
rNeg     + + +     Faith    .   i - +8 chain mail of Qoupp {rF+ SInv}
rPois    ∞         Spirit   .   Q - +0 mask of the Dragon {MR+ Slay+3 SInv}
rElec    +         Reflect  .   I - scarf {rC+ rF+}
rCorr    .         Harm     .   C - +2 pair of gloves {Str+3}
MR       ++++.                  J - +2 pair of boots {Fly}
Stlth    ..........             X - amulet of regeneration
HPRegen  0.95/turn              R - ring of Wienlois {Wiz *Slow +Fly rPois rF+++}
MPRegen  0.27/turn              j - ring "Kuturgh" {rElec rPois rC+ Int+4 Dex-2 Slay+2}

@: lich-form, weakened, flying
A: retaliatory headbutt, hooves 1, horns 2, iridescent scales 1, thin skeletal
structure 1, agile 1, blurry vision 1
}: 5/15 runes: barnacled, slimy, silver, abyssal, gossamer
a: End Transformation, Minor Destruction, Lesser Servant of Makhleb, Major
Destruction, Renounce Religion, Stop Flying


You were on level 13 of a ziggurat.
You worshipped Makhleb.
Makhleb was greatly pleased with you.
You were not hungry.
You were a lich.
You visited 13 branches of the dungeon, and saw 59 of its levels.
You visited the Abyss 2 times.
You visited 1 ziggurat, and saw 13 of its levels.
You also visited: Sewer, Bailey, Ice Cave and Wizlab.

You collected 12560 gold pieces.
You spent 5102 gold pieces at shops.
You donated 3717 gold pieces to Zin.

Inventory:

Hand Weapons
 r - a +9 executioner's axe of holy wrath
 G - the +8 battleaxe "Fufuokets" {antimagic, MP-9 Str+6}
   (Okawaru gifted it to you on level 2 of the Vaults)

   It reduces the magical energy of the wielder, and disrupts the spells and
   magical abilities of those hit.
   Natural abilities and divine invocations are not affected.
   It affects your strength (+6).
   It affects your magic capacity (-9).
 O - the +9 battleaxe of Classification (weapon) {chop, rF++ Str+3}
   (Okawaru gifted it to you on level 2 of the Elven Halls)

   It inflicts extra damage upon your enemies.
   It affects your strength (+3).
   It greatly protects you from fire.
Missiles
 D - 4 throwing nets (quivered)
Armour
 a - the +10 plate armour of Lagocoergh {*Drain rF+ MR+ Str+6 Dex-2}
   (You found it on level 8 of the Dungeon)

   It affects your strength (+6).
   It affects your dexterity (-2).
   It protects you from fire.
   It affects your resistance to hostile enchantments.
   It causes draining when unequipped.
 d - the +8 crystal plate armour of Xom's Reproof {rPois Regen+ Int+2 Stlth+}
   (You acquired it on level 3 of the Shoals)

   It affects your intelligence (+2).
   It protects you from poison.
   It increases your rate of regeneration.
   It makes you more stealthy.
 i - the +8 chain mail of Qoupp (worn) {rF+ SInv}
   (You found it on level 1 of the Elven Halls)

   It protects you from fire.
   It lets you see invisible.
 C - a +2 pair of gloves of strength (worn)
 I - a scarf of resistance (worn)
 J - a +2 pair of boots of flying (worn)
 N - the +1 hat of the Pink Corner {+Fly rC+ Str+4}
   (Okawaru gifted it to you on level 2 of the Spider Nest)

   It affects your strength (+4).
   It protects you from cold.
   It lets you fly.
 P - quicksilver dragon scales
 Q - the +0 mask of the Dragon (worn) {MR+ Slay+3 SInv}
   (You bought it in a shop on level 1 of the Vaults)

   It affects your accuracy and damage with ranged weapons and melee attacks
   (+3).
   It affects your resistance to hostile enchantments.
   It lets you see invisible.
Magical Staves
 K - an uncursed staff of death
Jewellery
 j - the ring "Kuturgh" (right hand) {rElec rPois rC+ Int+4 Dex-2 Slay+2}
   (You took it off a deep elf annihilator on level 3 of the Elven Halls)

   [ring of protection from cold]

   It affects your intelligence (+4).
   It affects your dexterity (-2).
   It affects your accuracy and damage with ranged weapons and melee attacks
   (+2).
   It protects you from cold.
   It insulates you from electricity.
   It protects you from poison.
 o - the amulet "Pokof" {Faith rN++ Str-5 Int+4 Stlth+}
   (You took it off a deep elf knight on level 1 of the Elven Halls)

   [amulet of faith]

   It allows you to gain divine favour quickly.
   It affects your strength (-5).
   It affects your intelligence (+4).
   It greatly protects you from negative energy.
   It makes you more stealthy.
 s - the ring "Mecud" {Str+8 SInv}
   (You found it on level 4 of the Shoals)

   [ring of see invisible]

   It affects your strength (+8).
   It lets you see invisible.
 R - the ring of Wienlois (left hand) {Wiz *Slow +Fly rPois rF+++}
   (You found it on level 3 of the Depths)

   [ring of wizardry]

   It improves your spell success rate.
   It renders you almost immune to fire.
   It protects you from poison.
   It lets you fly.
   It may slow you when you take damage.
 V - the ring of the Elephant {rN+ Str+4}
   (You took it off a deep elf knight on level 1 of the Elven Halls)

   [ring of positive energy]

   It affects your strength (+4).
   It protects you from negative energy.
 X - an amulet of regeneration (around neck)
 Y - the ring "Xesoi" {rElec rPois rF++ MR+ Int+3}
   (You took it off a deep elf mage on level 1 of the Elven Halls)

   [ring of protection from magic]

   It affects your intelligence (+3).
   It greatly protects you from fire.
   It insulates you from electricity.
   It protects you from poison.
   It affects your resistance to hostile enchantments.
 Z - an uncursed ring of resist corrosion
Wands
 p - a wand of digging (2)
Scrolls
 c - 4 scrolls of torment
 e - 11 scrolls of enchant armour
 g - 16 scrolls of fog
 h - 12 scrolls of fear
 l - 11 scrolls of enchant weapon
 m - 26 scrolls of remove curse
 t - 2 scrolls of brand weapon
 u - 21 scrolls of teleportation
 v - 11 scrolls of blinking
 w - 20 scrolls of magic mapping
 x - 5 scrolls of identify
 E - 3 scrolls of silence
 F - 6 scrolls of summoning
 T - 5 scrolls of holy word
Potions
 b - 19 potions of curing
 k - 2 potions of resistance
 n - 11 potions of brilliance
 q - 10 potions of might
 z - 15 potions of haste
 A - 8 potions of magic
 B - 8 potions of heal wounds
 H - 5 potions of agility
 L - 10 potions of mutation
 S - 4 potions of berserk rage
 W - 4 potions of cancellation
Miscellaneous
 y - 6 phantom mirrors
Comestibles
 f - 98 rations


   Skills:
 O Level 27 Fighting
 O Level 27 Axes
 * Level 14.0 Armour
 * Level 19.0 Dodging
   Level 3.6 Shields
 * Level 14.6 Spellcasting
 - Level 3.8 Charms
 - Level 19.3 Necromancy
 - Level 20.2 Transmutations
 * Level 2.6 Air Magic


You had 30 spell levels left.
You knew the following spells:

 Your Spells              Type           Power        Failure   Level  Hunger
a - Regeneration          Chrm/Necr      #####.....   1%          3    N/A
b - Death's Door          Chrm/Necr      #####.....   99%         8    N/A
c - Necromutation         Tmut/Necr      ######....   21%         8    N/A
d - Deflect Missiles      Chrm/Air       ##........   98%         6    N/A

Your spell library contained the following spells:

 Spells                   Type           Power        Failure   Level  Hunger
 Cause Fear               Hex            #.........   67%         4    N/A
 Magic Dart               Conj           #...         11%         1    N/A
 Fireball                 Conj/Fire      #.........   94%         5    N/A
 Apportation              Tloc           #.....       11%         1    N/A
 Conjure Flame            Conj/Fire      #.......     30%         3    N/A
 Bolt of Fire             Conj/Fire      #.........   100%        6    N/A
 Bolt of Cold             Conj/Ice       #.........   100%        6    N/A
 Lightning Bolt           Conj/Air       #.........   82%         5    N/A
 Confuse                  Hex            #.......     30%         3    N/A
 Invisibility             Hex            #.......     100%        6    N/A
 Throw Flame              Conj/Fire      #.....       16%         2    N/A
 Throw Frost              Conj/Ice       #.....       16%         2    N/A
 Controlled Blink         Tloc           N/A          100%        8    N/A
 Freezing Cloud           Conj/Ice/Air   #.........   100%        6    N/A
 Mephitic Cloud           Conj/Pois/Air  #.......     22%         3    N/A
 Ring of Flames           Chrm/Fire      ##........   100%        7    N/A
 Teleport Other           Tloc           #.......     30%         3    N/A
 Summon Small Mammal      Summ           #...         11%         1    N/A
 Bolt of Draining         Conj/Necr      #####.....   6%          5    N/A
 Lehudib's Crystal Spear  Conj/Erth      #.........   100%        8    N/A
 Fire Storm               Conj/Fire      #.........   100%        9    N/A
 Blink                    Tloc           N/A          16%         2    N/A
 Iskenderun's Mystic Bla  Conj           #.......     67%         4    N/A
 Summon Horrible Things   Summ           #.........   100%        8    N/A
 Animate Dead             Necr           N/A          1%          4    N/A
 Pain                     Necr           ####         0%          1    N/A
 Animate Skeleton         Necr           N/A          0%          1    N/A
 Vampiric Draining        Necr           ######....   1%          3    N/A
 Haunt                    Necr/Summ      #####.....   82%         7    N/A
 Borgnjor's Revivificati  Necr           ######....   24%         8    N/A
 Freeze                   Ice            #...         11%         1    N/A
 Ozocubu's Refrigeration  Ice            #.........   100%        6    N/A
 Sticky Flame             Conj/Fire      #.......     67%         4    N/A
 Summon Ice Beast         Ice/Summ       #.......     67%         4    N/A
 Ozocubu's Armour         Chrm/Ice       ##......     16%         3    N/A
 Call Imp                 Summ           #.......     16%         2    N/A
 Poison Arrow             Conj/Pois      #.........   100%        6    N/A
 Sublimation of Blood     Necr           ######....   0%          2    N/A
 Tukima's Dance           Hex            #.......     30%         3    N/A
 Summon Demon             Summ           #.........   94%         5    N/A
 Summon Greater Demon     Summ           #.........   100%        7    N/A
 Stone Arrow              Conj/Erth      #.....       30%         3    N/A
 Shock                    Conj/Air       #...         6%          1    N/A
 Swiftness                Chrm/Air       ##......     4%          2    N/A
 Recall                   Summ/Tloc      N/A          30%         3    N/A
 Spider Form              Tmut/Pois      ###.......   1%          3    N/A
 Blade Hands              Tmut           #####.....   1%          5    N/A
 Ice Form                 Ice/Tmut       ###.....     1%          4    N/A
 Dragon Form              Tmut           #####.....   2%          7    N/A
 Death Channel            Necr           ######....   1%          6    N/A
 Throw Icicle             Conj/Ice       #.......     67%         4    N/A
 Glaciate                 Conj/Ice       #.........   100%        9    N/A
 Airstrike                Air            ##........   32%         4    N/A
 Shadow Creatures         Summ           N/A          100%        6    N/A
 Confusing Touch          Hex            #.....       11%         1    N/A
 Flame Tongue             Conj/Fire      #....        11%         1    N/A
 Passwall                 Tmut/Erth      ###.....     1%          2    N/A
 Ignite Poison            Fire/Tmut/Pois ###.....     1%          3    N/A
 Sticks to Snakes         Tmut           #####...     0%          2    N/A
 Call Canine Familiar     Summ           #.......     30%         3    N/A
 Ensorcelled Hibernation  Hex/Ice        #.....       16%         2    N/A
 Metabolic Englaciation   Hex/Ice        #.........   94%         5    N/A
 Summon Butterflies       Summ           #.......     11%         1    N/A
 Silence                  Hex/Air        #.........   82%         5    N/A
 Static Discharge         Conj/Air       #.......     17%         3    N/A
 Corona                   Hex            #......      11%         1    N/A
 Alistair's Intoxication  Tmut/Pois      ###.....     4%          5    N/A
 Lee's Rapid Deconstruct  Erth           #.........   94%         5    N/A
 Sandblast                Erth           #.....       11%         1    N/A
 Simulacrum               Ice/Necr       #####.....   28%         6    N/A
 Conjure Ball Lightning   Conj/Air       #.........   100%        6    N/A
 Chain Lightning          Conj/Air       #.........   100%        8    N/A
 Excruciating Wounds      Chrm/Necr      #####.....   2%          5    N/A
 Portal Projectile        Hex/Tloc       #.....       30%         3    N/A
 Monstrous Menagerie      Summ           #.........   100%        7    N/A
 Petrify                  Tmut/Erth      ###.....     1%          4    N/A
 Passage of Golubria      Tloc           N/A          67%         4    N/A
 Orb of Destruction       Conj           #.........   100%        7    N/A
 Malign Gateway           Summ/Tloc      #.........   100%        7    N/A
 Tornado                  Air            ##........   100%        9    N/A
 Summon Hydra             Summ           #.........   100%        7    N/A
 Darkness                 Hex            #.........   100%        6    N/A
 Shroud of Golubria       Chrm/Tloc      ##........   8%          2    N/A
 Inner Flame              Hex/Fire       #.......     30%         3    N/A
 Aura of Abjuration       Summ           #.........   94%         5    N/A
 Beastly Appendage        Tmut           #####.       0%          1    N/A
 Iskenderun's Battlesphe  Conj/Chrm      ##......     77%         5    N/A
 Dazzling Spray           Conj/Hex       #.....       30%         3    N/A
 Infusion                 Chrm           ##..         2%          1    N/A
 Song of Slaying          Chrm           ##......     3%          2    N/A
 Spectral Weapon          Hex/Chrm       ##......     16%         3    N/A
 Searing Ray              Conj           #.....       16%         2    N/A
 Summon Forest            Summ/Tloc      #.........   94%         5    N/A
 Summon Lightning Spire   Summ/Air       #.......     50%         4    N/A
 Summon Guardian Golem    Hex/Summ       #.......     30%         3    N/A
 Dragon's Call            Summ           #.........   100%        9    N/A
 Spellforged Servitor     Conj/Summ      #.........   100%        7    N/A
 Summon Mana Viper        Hex/Summ       #.......     94%         5    N/A
 Irradiate                Conj/Tmut      ###.......   4%          5    N/A
 Gell's Gravitas          Tloc           #.........   30%         3    N/A
 Yara's Violent Unravell  Hex/Tmut       ###.......   4%          5    N/A
 Infestation              Necr           ######....   24%         8    N/A
 Lesser Beckoning         Tloc           #.........   30%         3    N/A
 Poisonous Vapours        Pois/Air       #.....       9%          2    N/A
 Ignition                 Fire           #.........   100%        8    N/A
 Borgnjor's Vile Clutch   Necr/Erth      #####.....   6%          5    N/A

Dungeon Overview and Level Annotations

Branches:
Dungeon (15/15)            Temple (1/1) D:4            Lair (6/6) D:10
 Shoals (4/4) Lair:2       Spider (4/4) Lair:4        Slime (5/5) Lair:6
    Orc (2/2) D:12            Elf (3/3) Orc:2        Vaults (5/5) D:14
  Crypt (3/3) Vaults:2       Tomb (0/3) Crypt:3      Depths (5/5) D:15
   Hell (1/1)                 Geh (0/7) Hell            Coc (0/7) Hell
    Tar (0/7) Hell            Zot (5/5) Depths:5
    Dis: Hell:1

Altars:
Ashenzari
Cheibriados
Dithmenos
Elyvilon
Fedhas
Gozag
Hepliaklqana
Kikubaaqudgha
Makhleb
Nemelex Xobeh
Okawaru
Qazlal
Ru
Sif Muna
Trog
Uskayaw
Vehumet
Wu Jian
Xom
Yredelemnul
Zin
The Shining One
Beogh
Jiyva

Shops:
D:8 ![=(?   D:11 %   D:13 (   Orc:2 !}[:   Elf:1 *   Elf:3 }=   Vaults:1 [
Vaults:2 }*!   Vaults:3 %   Vaults:5 %??[

Portals:
Hell: Depths:1 Depths:2 Depths:3 Depths:4 Depths:5
Abyss: Depths:1 Depths:3 Depths:4
Pandemonium: Depths:3

Annotations:
Zot:1 3 runed doors, Vugijo's ghost, legendary SpEn; Wotuonke's ghost, legendary GnFi; Ylauseud's ghost, legendary MfGl; strelocc's ghost, master MiBe
Zot:3 3 runed doors, Eti Unetaam's ghost, legendary SpEn; Popraera's ghost, legendary MfSk; Qydoh's ghost, legendary SpEn
Zig:13 exclusion: 5 oklob plants


Innate Abilities, Weirdness & Mutations

You reflexively headbutt those who attack you in melee.
You have a pair of horns on your head.
You have large cloven feet.
You are partially covered in iridescent scales. (AC +2)
You have a somewhat thin skeletal structure. (Dex +2, Stealth)
You are agile. (Dex +2)
Scrolls take you a little longer to read.


Message History

The Brimstone Fiend hits you!
* * * LOW HITPOINT WARNING * * *
You resist.
The Brimstone Fiend hits you but does no damage. x2
Odghailu hits you but does no damage.
Unknown command.
Unknown command.
Unknown command.
Unknown command.
You hit Odghailu but do no damage. Your headbutt misses Odghailu.
You hit the Brimstone Fiend.
You hit the gelid warmonger but do no damage.
Your surroundings seem slightly different.
A Brimstone Fiend comes into view.
The Brimstone Fiend roars!
The oklob plant spits acid at you. The splash of acid misses you.
The ynoxinul gestures.
The oklob plant spits acid at you. The splash of acid hits you!
You die...

▓▓.........▓
▓▓...........
▓▓...5........
▓▓.............
▓▓4255.3.P.P....
▓▓6644..5..P.....
▓§&.622..5......1
▓▓1261.....P..4..
▓▓2.1..L..P..1..
▓▓............6
▓▓............
▓▓...........
▓▓.........
▓▓▓▓▓▓▓▓▓▓


You could see Odghailu, a Tzitzimitl, a monstrous demonspawn, 3 Brimstone
Fiends, a gelid warmonger, a reaper, a balrug, a green death, a torturous
corrupter, a monstrous black sun, 5 oklob plants, a shadow demon, an orange
demon, a hellion, a ynoxinul, 3 red devils and 5 ufetubi.

Vanquished Creatures
  the Royal Jelly (Slime:5)
  Dissolution (Slime:4)
  2 ancient liches (Vaults:5)
  Mara (Crypt:3)
  The ghost of ZyGmUnTMoLoTcH the Axe Maniac, a legendary MiFi of Zin (Crypt:1)
  The ghost of ZyGmUnTMoLoTcH the Axe Maniac, a legendary MiFi of Zin (Crypt:1)
  2 juggernauts (Depths:3)
  An orb of fire (Zot:1)
  A greater mummy (Zig:10)
  Frederick (Depths:3)
  Bai Suzhen (Crypt:2)
  Margery (Crypt:2)
  5 caustic shrikes
  2 curse toes (Zot:4)
  Saint Roka (Elf:2)
  Geryon (Hell)
  4 Killer Klowns
  12 golden dragons
  Jory (Crypt:3)
  Nikola (Vaults:1)
  A golden dragon (shapeshifter) (Zig:8)
  6 bone dragons
  A profane servitor (Abyss:1)
  Arachne (Spider:2)
  A Hell Sentinel (Abyss:2)
  2 hellephants (Abyss:3)
  2 Ice Fiends
  14 tentacled monstrosities
  Asterion (Elf:2)
  12 deep elf blademasters
  7 deep elf master archers
  8 quicksilver dragons
  12 titans
  5 ancient champions
  19 acid blobs
  12 liches
  2 Executioners
  Polyphemus (Shoals:2)
  8 death cobs
  A sphinx (shapeshifter) (Zig:7)
  15 shadow dragons
  18 storm dragons
  The ghost of Duruitt the Bludgeoner, an adept DDBe of Trog (Elf:3)
  Kirke (Lair:4)
  4 sphinxes
  14 tentacled starspawn
  2 revenants
  9 tengu reavers
  7 daevas
  6 draconian monks
  Donald (Vaults:4)
  27 fire giants
  29 frost giants
  2 storm dragons (shapeshifter)
  10 azure jellies
  15 vault wardens
  Ilsuiw (Shoals:4)
  An orc warlord (Orc:2)
  7 draconian knights
  3 pandemonium lords
  6 ghost moths
  18 ironheart preservers
  3 deep elf sorcerers
  2 balrugs
  7 angels (Zig:4)
  9 draconian stormcallers
  2 iron dragons (Vaults:5)
  2 cacodemons
  9 draconian scorchers
  7 emperor scorpions
  4 curse skulls
  9 draconian shifters
  A warmonger (Zig:13)
  Louise (Spider:3)
  9 draconian annihilators
  6 deep elf elementalists
  10 reapers
  4 ghouls
  40 stone giants
  5 war gargoyles
  5 entropy weavers
  A caustic shrike skeleton (Zig:10)
  11 very ugly things
  A stone giant (shapeshifter) (Zig:8)
  8 green draconians
  15 vampire knights
  8 dire elephants
  13 deep elf demonologists
  2 bennus (Zig:3)
  12 purple draconians
  3 lorocyprocas
  6 deep elf annihilators (Elf:3)
  12 yellow draconians
  13 black draconians
  10 spark wasps
  22 red draconians
  12 white draconians
  12 deep elf death magi
  6 eidola
  7 merfolk javelineers (Shoals:4)
  A green death (Abyss:1)
  15 jiangshi
  10 merfolk impalers
  2 blizzard demons
  19 fire dragons
  17 ettins
  A quicksilver dragon zombie (Crypt:3)
  13 death oozes (Slime:5)
  Josephine (Orc:2)
  2 crystal guardians
  Erolcha (Orc:2)
  2 quicksilver dragon skeletons (Crypt:2)
  9 deep elf high priests
  9 rakshasas
  2 spriggan air magi
  13 great orbs of eyes
  13 ice dragons
  24 yaktaur captains
  A hell beast (Zig:13)
  33 vault guards
  A caustic shrike simulacrum (Depths:3)
  9 centaur warriors
  The ghost of nulman the Spear-Bearer, a journeyman MfSk of Wu Jian (Lair:1)
  2 merfolk avatars
  6 hydras
  An alligator snapping turtle (Shoals:1)
  14 ogre magi
  3 catoblepae
  6 death knights
  2 merfolk aquamancers (Shoals:4)
  3 satyrs
  A two-headed ogre (shapeshifter) (Depths:4)
  Erica (Lair:1)
  28 dancing weapons
  A death yak (shapeshifter) (Depths:3)
  10 vampire magi
  49 two-headed ogres
  10 deep troll shamans
  4 death scarabs (Zig:10)
  A titan zombie (Crypt:3)
  8 death yaks
  5 tengu warriors
  19 thrashing horrors
  32 deep elf knights
  13 deep troll earth magi
  2 orc high priests (Abyss:3)
  3 spriggan berserkers
  An iron golem (Hell)
  6 soul eaters
  2 sun demons (Hell)
  A salamander mystic (Depths:5)
  An iron troll (shapeshifter) (Zig:8)
  21 hell knights
  18 wretched stars
  61 skeletal warriors
  6 spatial maelstroms
  A golden dragon zombie (Crypt:3)
  5 glowing orange brains
  8 iron trolls
  A death drake (shapeshifter) (Depths:3)
  3 sixfirhies
  6 shadow wraiths
  4 wizards
  2 storm dragon skeletons
  An unseen horror (shapeshifter) (Depths:4)
  12 sea snakes
  2 anaconda zombies
  2 death drakes (Abyss:3)
  10 unseen horrors
  33 deep trolls
  A golden dragon skeleton (Zig:11)
  A swamp dragon (shapeshifter) (Depths:5)
  3 shadow demons
  3 swamp dragons (Zot:3)
  25 phantasmal warriors
  11 flayed ghosts
  A glowing orange brain (shapeshifter) (Depths:2)
  2 iron giant skeletons
  26 harpies
  An orange crystal statue (Depths:4)
  31 deep elf archers
  3 harpies (shapeshifter)
  24 wolf spiders
  12 necromancers
  12 orc knights
  13 ironbrand convokers
  87 deep elf magi
  2 mana vipers (shapeshifter)
  4 shining eyes
  9 orc sorcerers
  32 ugly things
  8 fauns
  2 sphinx skeletons
  4 fire giant zombies
  14 orb spiders
  A tengu skeleton (Zig:9)
  A salamander (shapeshifter) (Depths:4)
  8 cyclopes
  7 worldbinders
  An oklob plant (Zig:13)
  2 frost giant zombies
  3 salamanders (Depths:5)
  A cyclops (shapeshifter) (Depths:4)
  14 manticores
  2 frost giant skeletons (Vaults:2)
  27 moths of wrath
  6 elephants
  7 apocalypse crabs
  9 merfolk sirens
  2 guardian serpents (shapeshifter)
  4 stone giant skeletons
  15 vault sentinels
  A water nymph (shapeshifter) (Zig:7)
  6 eyes of devastation
  A dire elephant zombie (Crypt:1)
  2 torpor snails
  A black mamba (shapeshifter) (Vaults:5)
  3 spriggan skeletons
  A guardian serpent (Elf:2)
  2 black mambas
  3 fire giant skeletons
  A torpor snail (shapeshifter) (Vaults:5)
  2 ice statues
  3 centaur skeletons
  An eye of devastation (shapeshifter) (Zig:8)
  10 water nymphs
  3 gargoyles
  4 spiny frogs
  36 large abominations
  2 orange demons (Abyss:1)
  4 yaktaur zombies
  2 kobold demonologists (Abyss:3)
  22 smoke demons
  2 dire elephant skeletons (Crypt:2)
  A death yak zombie (Crypt:3)
  5 komodo dragons
  A redback zombie (D:15)
  A storm dragon simulacrum (Crypt:1)
  A rime drake (shapeshifter) (Depths:4)
  6 rime drakes
  4 komodo dragons (shapeshifter)
  A swamp worm zombie (Crypt:2)
  4 hellions
  8 ice devils
  A catoblepas skeleton (Crypt:3)
  5 efreet
  61 yaktaurs
  5 tormentors
  13 freezing wraiths
  A human zombie (Vaults:5)
  A golden dragon simulacrum (Crypt:1)
  22 demonic crawlers
  5 guardian mummies
  2 hellwings
  A purple draconian skeleton (Crypt:1)
  A white draconian skeleton (Crypt:2)
  A queen bee (shapeshifter) (D:15)
  A red draconian skeleton (Crypt:2)
  2 polar bears (shapeshifter)
  A green draconian skeleton (Crypt:3)
  2 trolls (shapeshifter)
  7 ancient zymes
  3 tengu conjurers
  A hydra zombie (Hell)
  2 meliai (shapeshifter)
  2 jumping spiders (shapeshifter)
  45 jumping spiders
  20 polar bears
  A yaktaur skeleton (Vaults:2)
  4 wind drakes
  31 merfolk
  12 trolls
  A shadow dragon simulacrum (Vaults:5)
  A wind drake (shapeshifter) (Depths:4)
  2 wolf spider simulacra
  A sphinx simulacrum (Depths:1)
  The ghost of ysobel the Poker, an amateur MfGl of Wu Jian (D:4)
  13 hornets
  A raiju (shapeshifter) (Depths:2)
  9 blink frogs
  5 hydra skeletons
  A hornet (shapeshifter) (Elf:3)
  A snapping turtle (shapeshifter) (Depths:4)
  2 alligator zombies (Hell)
  3 hippogriffs (shapeshifter)
  18 snapping turtles
  26 raiju
  4 dream sheep (Shoals:1)
  12 hippogriffs
  3 ettin zombies
  A satyr zombie (Crypt:2)
  81 slime creatures
  A tarantella (shapeshifter) (Vaults:2)
  4 air elementals
  A fire dragon zombie (Crypt:3)
  16 flying skulls
  An alligator skeleton (Hell)
  17 wraiths
  An ettin skeleton (Abyss:3)
  5 shadows
  7 water elementals
  6 fire dragon skeletons (Crypt:2)
  A satyr skeleton (Crypt:3)
  88 redbacks
  A spriggan (shapeshifter) (Vaults:3)
  4 ushabtiu
  32 tarantellas
  12 fire elementals
  A human (shapeshifter) (Elf:3)
  2 spriggans
  4 vampires
  6 ynoxinuls
  7 basilisks
  A fire bat (shapeshifter) (Vaults:1)
  A fire bat (Abyss:3)
  6 hogs (Lair:4)
  53 yaks
  2 golden eyes (Slime:3)
  A basilisk (shapeshifter) (Depths:4)
  12 neqoxecs
  8 wyverns
  A yak (shapeshifter) (Depths:4)
  3 human simulacra
  10 chaos spawn
  An elf skeleton (Depths:3)
  A glowing shapeshifter zombie (Crypt:2)
  2 hungry ghosts
  7 spatial vortices (Abyss:3)
  A yaktaur simulacrum (Vaults:3)
  7 vampire mosquitoes
  A gelid demonspawn zombie (Crypt:2)
  5 wargs
  2 acid dragons
  A water moccasin (shapeshifter) (Depths:4)
  31 small abominations
  2 hydra simulacra (Hell)
  4 floating eyes
  Duvessa (D:7)
  3 spiny frog zombies
  10 water moccasins
  10 porcupines
  6 black bears
  2 soldier ants (shapeshifter)
  A swamp dragon zombie (Crypt:3)
  12 hell hounds
  58 orc warriors
  2 black bears (shapeshifter)
  A two-headed ogre skeleton (Crypt:1)
  7 ice beasts
  An ice beast (shapeshifter) (Depths:4)
  4 sky beasts
  4 eyes of draining (shapeshifter)
  6 eyes of draining
  32 ogres
  A manticore zombie (Crypt:3)
  59 starcursed masses
  A hornet zombie (D:7)
  A fire dragon simulacrum (Crypt:1)
  A necrophage (D:5)
  2 phantoms
  14 boggarts
  28 wolves
  A centaur (shapeshifter) (Vaults:4)
  11 centaurs
  4 crocodiles
  11 human skeletons
  2 manticore skeletons
  2 big kobolds
  16 bullfrogs
  A wyvern zombie (Crypt:1)
  11 earth elementals
  A spiny frog simulacrum (Crypt:1)
  A wyvern skeleton (D:10)
  7 scorpions
  Dowan (D:7)
  4 wights (D:11)
  8 howler monkeys
  A wolf zombie (Crypt:1)
  6 electric eels
  11 crimson imps
  2 centaur zombies
  7 quasits
  2 bullfrog zombies
  45 jellies
  28 orc priests
  2 bullfrog skeletons
  A demonspawn zombie (Crypt:2)
  6 hounds
  6 iron imps
  A basilisk skeleton (Crypt:1)
  5 iguanas
  37 orc wizards
  A lightning spire (Zig:8)
  9 worker ants
  An ogre zombie (Crypt:3)
  A hound skeleton (Crypt:1)
  19 mummies
  6 gnolls (D:10)
  17 adders
  2 river rats
  3 shadow imps
  3 white imps (Abyss:3)
  5 ufetubi
  14 oozes (D:8)
  An adder zombie (D:9)
  5 adder skeletons
  An iguana skeleton (Crypt:3)
  3 worms
  A barachi zombie (Crypt:1)
  6 dart slugs
  4 leopard geckos
  138 orcs
  8 giant cockroaches
  8 goblins
  10 hobgoblins
  24 jackals
  18 kobolds
  2 quokkas
  A ball python (Sewer)
  7 bats
  13 frilled lizards
  A frilled lizard skeleton (Crypt:3)
  A frilled lizard zombie (Crypt:3)
  A kobold zombie (Hell)
  A quokka skeleton (D:4)
  14 rats
  3 crawling corpses
  5 fungi
  A lurking horror (Abyss:3)
  20 plants
  20 starspawn tentacles
3603 creatures vanquished.

Vanquished Creatures (others)
  A frost giant (Crypt:2)
  A draconian shifter (Zot:2)
  A stone giant (Crypt:1)
  A spark wasp (Spider:4)
  A merfolk javelineer (Shoals:4)
  A vault guard (Vaults:5)
  A deep elf knight (Elf:3)
  A necromancer (Vaults:5)
  A moth of wrath (Zot:1)
  A fire giant simulacrum (Hell)
  An eye of draining (Abyss:3)
  An ogre (Depths:2)
  A small abomination (Abyss:3)
  2 jellies (Elf:3)
  5 orc wizards
  2 orcs
  3 crawling corpses (Elf:3)
  12 fungi
  2 lurking horrors (Abyss:3)
  8 plants
  17 starspawn tentacles
  11 withered plants
75 creatures vanquished.

Grand Total: 3678 creatures vanquished

Notes
Turn   | Place    | Note
-------+----------+-------------------------------------------
     0 | D:1      | ZyGmUnTMoLoTcH the Minotaur Fighter began the quest for the Orb.
     0 | D:1      | Reached XP level 1. HP: 19/19 MP: 0/0
    98 | D:1      | Reached XP level 2. HP: 17/27 MP: 1/1
   397 | D:1      | Reached XP level 3. HP: 25/33 MP: 2/2
   580 | D:1      | Reached XP level 4. HP: 29/41 MP: 3/3
   683 | D:2      | Reached skill level 5 in Axes
   893 | D:2      | Reached XP level 5. HP: 47/47 MP: 4/4
  1097 | D:2      | Reached skill level 5 in Fighting
  1699 | D:3      | Reached XP level 6. HP: 26/56 MP: 5/5
  2683 | D:4      | Reached XP level 7. HP: 61/61 MP: 6/6
  2825 | D:4      | Found a staircase to the Ecumenical Temple.
  2837 | Temple   | Entered the Ecumenical Temple
  2899 | D:4      | Found a runed door.
  2914 | D:4      | Noticed ysobel's ghost (amateur MfGl)
  3069 | D:4      | Killed ysobel's ghost
  3117 | D:4      | Found an iron altar of Okawaru.
  3120 | D:4      | Found a glowing golden altar of the Shining One.
  3139 | D:4      | Found a burning altar of Makhleb.
  3141 | D:4      | Found a stormy altar of Qazlal.
  3144 | D:4      | Found a white marble altar of Elyvilon.
  3151 | D:4      | Became a worshipper of Warmaster Okawaru
  3401 | D:5      | Entered Level 5 of the Dungeon
  3499 | D:5      | Found a blossoming altar of Fedhas.
  3534 | D:5      | Found a glowing drain.
  3544 | Sewer    | Entered a sewer
  3629 | Sewer    | Reached skill level 10 in Axes
  3945 | D:5      | Reached XP level 8. HP: 23/70 MP: 7/7
  5025 | D:6      | Reached * piety under Okawaru
  5287 | D:6      | Noticed a hippogriff
  5296 | D:6      | Killed a hippogriff
  5398 | D:6      | Found an iron altar of Okawaru.
  5430 | D:6      | Reached XP level 9. HP: 76/77 MP: 8/8
  6148 | D:7      | Reached ** piety under Okawaru
  6190 | D:7      | Found a glowing silver altar of Zin.
  6206 | D:7      | Found a shattered altar of Ashenzari.
  6555 | D:7      | Noticed Dowan
  6570 | D:7      | Killed Dowan
  6591 | D:7      | Noticed Duvessa
  6614 | D:7      | Killed Duvessa
  7092 | D:8      | Found Cupnua Toig's Antique Weapon Boutique.
  7109 | D:8      | Bought a runed war axe for 214 gold pieces
  7129 | D:8      | Found Jucie's Jewellery Boutique.
  7296 | D:8      | Got an ancient plate armour
  7314 | D:8      | Identified the +10 plate armour of Lagocoergh {*Drain rF+ MR+ Str+6 Dex-2} (You found it on level 8 of the Dungeon)
  7365 | D:8      | Found Plog's Magic Scroll Boutique.
  7373 | D:8      | Bought a scroll of magic mapping for 49 gold pieces
  7373 | D:8      | Bought a scroll of teleportation for 42 gold pieces
  7373 | D:8      | Bought a scroll of fear for 49 gold pieces
  7457 | D:8      | Noticed a two-headed ogre
  7463 | D:8      | Reached skill level 15 in Axes
  7464 | D:8      | Reached *** piety under Okawaru
  7464 | D:8      | Reached XP level 10. HP: 60/87 MP: 9/9
  7470 | D:8      | Killed a two-headed ogre
  7962 | D:8      | Found Yzxoticy's Antique Armour Emporium.
  7967 | D:8      | Found Tuenurie's Distillery.
  8097 | D:8      | Reached **** piety under Okawaru
  8457 | D:9      | Found an opulent altar of Gozag.
  8465 | D:9      | Reached ***** piety under Okawaru
  8674 | D:10     | Entered Level 10 of the Dungeon
  8707 | D:10     | Noticed a seven-headed hydra
  8836 | D:10     | Found a flagged portal.
  8848 | Bailey   | Entered a bailey
  9567 | Bailey   | Received a gift from Okawaru
  9567 | Bailey   | Reached XP level 11. HP: 79/96 MP: 10/10
  9968 | Bailey   | Found a roughly hewn altar of Beogh.
  9968 | Bailey   | Noticed an orc knight
 10057 | Bailey   | Killed an orc knight
 10324 | D:10     | Killed a seven-headed hydra
 10623 | D:10     | Found a staircase to the Lair.
 10829 | D:11     | Found Luam's Food Boutique.
 10855 | D:11     | Reached skill level 10 in Fighting
 10875 | D:11     | Found a large runed door.
 10882 | D:11     | Found a large runed door.
 10924 | D:11     | Found a blossoming altar of Fedhas.
 10924 | D:11     | Noticed a war gargoyle
 10935 | D:11     | Noticed a frost giant
 10937 | D:11     | Killed a war gargoyle
 10937 | D:11     | Received a gift from Okawaru
 11324 | D:11     | Noticed a brown ugly thing
 11331 | D:11     | Killed a brown ugly thing
 11552 | D:11     | Noticed a red ugly thing
 11563 | D:11     | Killed a red ugly thing
 11723 | D:11     | Found an ancient bone altar of Kikubaaqudgha.
 12043 | Lair:1   | Entered Level 1 of the Lair of Beasts
 12269 | Lair:1   | Noticed Erica
 12278 | Lair:1   | Killed Erica
 12472 | Lair:1   | Noticed a five-headed hydra
 12484 | Lair:1   | Killed a five-headed hydra
 12484 | Lair:1   | Reached XP level 12. HP: 104/110 MP: 8/11
 12606 | Lair:1   | Reached skill level 1 in Dodging
 12839 | Lair:1   | Found a runed door.
 12843 | Lair:1   | Noticed nulman's ghost (journeyman MfSk)
 12863 | Lair:1   | Killed nulman's ghost
 13168 | Lair:2   | Found a staircase to the Shoals.
 13729 | Lair:2   | Received a gift from Okawaru
 15020 | Lair:4   | Found a hole to the Spider Nest.
 15112 | Lair:4   | Noticed Kirke
 15124 | Lair:4   | Killed Kirke
 15164 | Lair:4   | Received a gift from Okawaru
 15193 | Lair:4   | Reached ****** piety under Okawaru
 15944 | Lair:5   | Reached XP level 13. HP: 118/122 MP: 12/12
 16365 | Lair:5   | Received a gift from Okawaru
 16680 | Lair:5   | Reached skill level 5 in Dodging
 16758 | Lair:6   | Entered Level 6 of the Lair of Beasts
 17036 | Lair:6   | Found a staircase to the Slime Pits.
 17037 | Lair:6   | Found a viscous altar of Jiyva.
 17354 | Lair:6   | Received a gift from Okawaru
 17548 | Lair:6   | Noticed a dire elephant
 17568 | Lair:6   | Killed a dire elephant
 18625 | D:12     | Found a frozen archway.
 18633 | D:12     | Reached XP level 14. HP: 82/133 MP: 13/13
 18723 | IceCv    | Entered an ice cave
 18970 | IceCv    | Identified the Guide on Flamy Beguiling
 19112 | IceCv    | Received a gift from Okawaru
 19171 | IceCv    | Reached skill level 15 in Fighting
 19477 | IceCv    | Noticed a frost giant
 19517 | IceCv    | Killed a frost giant
 20333 | D:12     | Found a staircase to the Orcish Mines.
 20368 | Orc:1    | Entered Level 1 of the Orcish Mines
 20415 | Orc:1    | Found a roughly hewn altar of Beogh.
 20445 | Orc:2    | Entered Level 2 of the Orcish Mines
 20445 | Orc:2    | Found a staircase to the Elven Halls.
 20550 | Orc:2    | Found a roughly hewn altar of Beogh.
 20552 | Orc:2    | Noticed an orc warlord
 22199 | D:13     | Found Nompuics's Antique Weapon Boutique.
 22435 | D:14     | Received a gift from Okawaru
 22851 | D:14     | Found a gate to the Vaults.
 22857 | D:14     | Reached XP level 15. HP: 119/144 MP: 11/14
 23430 | D:14     | Received a gift from Okawaru
 23821 | D:15     | Entered Level 15 of the Dungeon
 24217 | D:15     | Found a staircase to the Depths.
 24240 | D:15     | Found a shadowy altar of Dithmenos.
 24821 | Orc:2    | Killed an orc warlord
 25389 | Orc:2    | Found Natsais's Antique Armour Shoppe.
 25406 | Orc:2    | Found a radiant altar of Vehumet.
 25406 | Orc:2    | Noticed Erolcha
 25450 | Orc:2    | Killed Erolcha
 25516 | Orc:2    | Found Dehelel's Gadget Shoppe.
 25516 | Orc:2    | Noticed Josephine
 25527 | Orc:2    | Killed Josephine
 25999 | Orc:2    | Found a roughly hewn altar of Beogh.
 25999 | Orc:2    | Found Ceosajy's Book Emporium.
 26023 | Orc:2    | Bought a Necronomicon for 1656 gold pieces
 26030 | Orc:2    | Found Jolutugo's Distillery.
 26046 | Orc:2    | Found an ancient bone altar of Kikubaaqudgha.
 26510 | Orc:2    | Upgraded the game from 0.22-a0-558-gc2241811a9 to 0.22-a0-565-gfc6459a524
 26660 | Shoals:1 | Entered Level 1 of the Shoals
 26662 | Shoals:1 | Received a gift from Okawaru
 28135 | Shoals:2 | HP: 3/147 [satyr/sling bullet (5)]
 28498 | Shoals:2 | Reached XP level 16. HP: 142/155 MP: 7/15
 28553 | Shoals:2 | Noticed Polyphemus
 28875 | Shoals:2 | Killed Polyphemus
 29232 | Shoals:2 | Identified the Volume of Protection
 30257 | Shoals:3 | Received a gift from Okawaru
 30604 | Shoals:3 | Reached skill level 10 in Dodging
 30827 | Shoals:3 | Identified a scroll of acquirement
 30901 | Shoals:4 | Entered Level 4 of the Shoals
 32804 | Shoals:4 | Received a gift from Okawaru
 33004 | Shoals:3 | Got a distressingly furry crystal plate armour
 33005 | Shoals:3 | Identified the +8 crystal plate armour of Xom's Reproof {rPois Regen+ Int+2 Stlth+} (You acquired it on level 3 of the Shoals)
 33211 | Shoals:4 | Noticed Ilsuiw
 33236 | Shoals:4 | Killed Ilsuiw
 33482 | Shoals:4 | Got a bound wooden ring
 33486 | Shoals:4 | Identified the ring "Mecud" {Str+8 SInv} (You found it on level 4 of the Shoals)
 33779 | Shoals:4 | Reached XP level 17. HP: 141/166 MP: 17/17
 33789 | Shoals:4 | Reached skill level 1 in Spellcasting
 33879 | Shoals:4 | Received a gift from Okawaru
 33898 | Shoals:4 | Got a barnacled rune of Zot
 34509 | Elf:1    | Entered Level 1 of the Elven Halls
 34571 | Elf:1    | Found Nucasoyk's Assorted Antiques.
 34622 | Elf:1    | Received a gift from Okawaru
 35285 | Elf:1    | Got a bound steel amulet
 35285 | Elf:1    | Got a slimy ivory ring
 35285 | Elf:1    | Got a coiled platinum ring
 35286 | Elf:1    | Identified the amulet "Pokof" {Faith rN++ Str-5 Int+4 Stlth+} (You took it off a deep elf knight on level 1 of the Elven Halls)
 35287 | Elf:1    | Identified the ring of Yredelemnul's Favour {+Blink rPois rF+} (You took it off a deep elf mage on level 1 of the Elven Halls)
 35288 | Elf:1    | Identified the ring of the Elephant {rN+ Str+4} (You took it off a deep elf knight on level 1 of the Elven Halls)
 35297 | Elf:1    | Got a fine lapis lazuli ring
 35695 | Elf:2    | Received a gift from Okawaru
 35707 | Elf:2    | Noticed Asterion
 35868 | Elf:2    | Killed Asterion
 36133 | Elf:2    | Identified the ring "Xesoi" {rElec rPois rF++ MR+ Int+3} (You took it off a deep elf mage on level 1 of the Elven Halls)
 36135 | Elf:2    | Got a fine battleaxe {chop}
 36136 | Elf:2    | Identified the cursed +1 battleaxe of Powaofix {chop, rElec MR- Str+7 Dex-5} (You took it off a deep elf mage on level 2 of the Elven Halls)
 36245 | Elf:2    | Found a runed gate.
 36245 | Elf:2    | Found a runed gate.
 36245 | Elf:2    | Found a runed gate.
 36307 | Elf:2    | Reached XP level 18. HP: 142/178 MP: 4/21
 36318 | Elf:2    | Reached skill level 27 in Axes
 36326 | Elf:2    | Received a gift from Okawaru
 36335 | Elf:2    | Identified the +9 battleaxe of Classification {chop, rF++ Str+3} (Okawaru gifted it to you on level 2 of the Elven Halls)
 36721 | Elf:3    | Entered Level 3 of the Elven Halls
 36732 | Elf:3    | Found a runed door.
 36797 | Elf:3    | Found a huge runed gate.
 36797 | Elf:3    | Found a huge runed gate.
 36797 | Elf:3    | Found a huge runed gate.
 36798 | Elf:3    | Found a huge runed gate.
 36798 | Elf:3    | Found a huge runed gate.
 36798 | Elf:3    | Found a huge runed gate.
 36798 | Elf:3    | Found a huge runed gate.
 36798 | Elf:3    | Found a huge runed gate.
 36799 | Elf:3    | Found a huge runed gate.
 36800 | Elf:3    | Found a huge runed gate.
 36886 | Elf:3    | Noticed Saint Roka
 37158 | Elf:2    | Killed Saint Roka
 37343 | Elf:3    | Found Vihiary's Gadget Shoppe.
 37344 | Elf:3    | Found Saomixom's Jewellery Shop.
 37344 | Elf:3    | Found Pecuoguwagi's Jewellery Shop.
 37389 | Elf:3    | Found a huge runed gate.
 37390 | Elf:3    | Found a huge runed gate.
 37391 | Elf:3    | Found a huge runed gate.
 37391 | Elf:3    | Found a huge runed gate.
 37392 | Elf:3    | Found a huge runed gate.
 37396 | Elf:3    | Found a huge runed gate.
 37433 | Elf:3    | Noticed Duruitt's ghost (adept DDBe)
 37452 | Elf:3    | Killed Duruitt's ghost
 37496 | Elf:3    | Received a gift from Okawaru
 37867 | Elf:3    | Got a flickering lead ring
 38020 | Elf:3    | Noticed a Tzitzimitl
 38026 | Elf:3    | Noticed an Ice Fiend
 38388 | Elf:3    | Got a pitted ruby amulet
 38389 | Elf:3    | Identified the amulet of Satisfaction {Faith Int+2} (You took it off a deep elf mage on level 3 of the Elven Halls)
 38394 | Elf:3    | Identified the ring "Kuturgh" {rElec rPois rC+ Int+4 Dex-2 Slay+2} (You took it off a deep elf annihilator on level 3 of the Elven Halls)
 38537 | Elf:3    | Identified the Handbook of Damaging Fire
 38622 | Elf:3    | Learned a level 3 spell: Regeneration
 38631 | Elf:3    | Learned a level 8 spell: Death's Door
 38640 | Elf:3    | Learned a level 8 spell: Necromutation
 38712 | Elf:3    | Found a huge runed gate.
 38712 | Elf:3    | Found a huge runed gate.
 38713 | Elf:3    | Found a huge runed gate.
 38716 | Elf:3    | Found a huge runed gate.
 38716 | Elf:3    | Found a huge runed gate.
 38716 | Elf:3    | Found a huge runed gate.
 38716 | Elf:3    | Found a huge runed gate.
 38716 | Elf:3    | Found a huge runed gate.
 38769 | Elf:3    | Found a huge runed gate.
 38769 | Elf:3    | Found a huge runed gate.
 39052 | Elf:3    | Reached skill level 5 in Spellcasting
 39075 | Elf:3    | Reached XP level 19. HP: 89/191 MP: 10/25
 39076 | Elf:3    | Received a gift from Okawaru
 39076 | Elf:3    | Reached skill level 1 in Transmutations
 39087 | Elf:3    | Reached skill level 1 in Necromancy
 39433 | Orc:2    | Bought a potion of experience for 900 gold pieces
 39433 | Orc:2    | Bought a potion of might for 72 gold pieces
 39433 | Orc:2    | Bought a potion of might for 72 gold pieces
 39573 | Vaults:1 | Entered Level 1 of the Vaults
 39603 | Vaults:1 | Noticed Nikola
 39632 | Vaults:1 | Killed Nikola
 39788 | D:8      | Bought a scroll of brand weapon for 280 gold pieces
 39788 | D:8      | Bought a scroll of brand weapon for 280 gold pieces
 39788 | D:8      | Bought a scroll of teleportation for 42 gold pieces
 40281 | Vaults:1 | Received a gift from Okawaru
 40901 | Vaults:1 | Found Qeimua's Armour Shoppe.
 40905 | Vaults:1 | Bought the +0 mask of the Dragon {MR+ Slay+3 SInv} for 400 gold pieces
 40905 | Vaults:1 | Found the +0 mask of the Dragon {MR+ Slay+3 SInv}
 41490 | Vaults:2 | Received a gift from Okawaru
 41841 | Vaults:2 | Found Fuvutz's Gadget Shoppe.
 41841 | Vaults:2 | Found Plog's Assorted Antiques.
 41864 | Vaults:2 | Reached XP level 20. HP: 91/204 MP: 9/28
 41867 | Vaults:2 | Received a gift from Okawaru
 41870 | Vaults:2 | Identified the +8 battleaxe "Fufuokets" {antimagic, MP-9 Str+6} (Okawaru gifted it to you on level 2 of the Vaults)
 41888 | Vaults:2 | Found Deerr's Distillery.
 41896 | Vaults:2 | Bought a potion of might for 56 gold pieces
 41906 | Vaults:2 | Bought a scroll of blinking for 165 gold pieces
 41920 | Vaults:2 | Bought a phantom mirror for 450 gold pieces
 42538 | Vaults:2 | Found a staircase to the Crypt.
 42706 | Vaults:3 | Received a gift from Okawaru
 43150 | Vaults:3 | Received a gift from Okawaru
 43834 | Vaults:3 | Found Sarepsat's Food Boutique.
 44141 | Vaults:4 | Reached skill level 5 in Transmutations
 44414 | Vaults:4 | Noticed Donald
 44428 | Vaults:4 | Killed Donald
 44428 | Vaults:4 | Reached XP level 21. HP: 156/216 MP: 21/30
 44460 | Vaults:4 | Received a gift from Okawaru
 44825 | Vaults:4 | Reached skill level 5 in Necromancy
 45172 | Vaults:4 | Reached XP level 22. HP: 226/226 MP: 31/31
 45173 | Vaults:4 | Reached XP level 23. HP: 234/234 MP: 31/33
 45181 | Vaults:5 | Entered Level 5 of the Vaults
 45185 | Vaults:5 | Noticed an ancient lich
 45207 | Vaults:5 | Killed an ancient lich
 45207 | Vaults:5 | Received a gift from Okawaru
 45224 | Vaults:5 | Reached skill level 5 in Armour
 45226 | Vaults:5 | Paralysed by a floating eye for 4 turns
 45729 | Vaults:5 | Noticed an ancient lich
 46043 | Vaults:4 | Received a gift from Okawaru
 46163 | Vaults:5 | Killed an ancient lich
 46207 | Vaults:5 | Reached XP level 24. HP: 240/245 MP: 33/34
 46342 | Vaults:5 | Got a silver rune of Zot
 46457 | Vaults:5 | Received a gift from Okawaru
 46482 | Vaults:5 | Found Raqyor's Antique Armour Shoppe.
 46546 | Vaults:5 | Identified Xelemioj's Disquisition on Orientation
 46578 | Vaults:5 | Identified the +1 ring mail of Greater Demons {rPois rC+ Stlth-} (You found it on level 5 of the Vaults)
 46998 | Vaults:5 | Received a gift from Okawaru
 47029 | Vaults:5 | Found Ymaulu Iroann's Magic Scroll Shoppe.
 47029 | Vaults:5 | Found Humaf's Magic Scroll Boutique.
 47040 | Vaults:5 | Found Ewuered's Food Emporium.
 47041 | Vaults:5 | Bought a scroll of teleportation for 60 gold pieces
 47041 | Vaults:5 | Bought a scroll of enchant armour for 150 gold pieces
 47062 | Vaults:5 | Bought a scroll of blinking for 165 gold pieces
 47498 | Depths:1 | Entered Level 1 of the Depths
 47498 | Depths:1 | Found a one-way gate to the infinite horrors of the Abyss.
 47574 | Depths:1 | Reached skill level 27 in Fighting
 47586 | Depths:1 | Reached skill level 15 in Dodging
 47596 | Depths:1 | Found a gateway to Hell.
 47623 | Depths:1 | Found a magical portal.
 47711 | WizLab   | Entered Doroklohe's Tomb
 47873 | WizLab   | Received a gift from Okawaru
 47937 | WizLab   | Gained mutation: Potions are less effective at restoring your health. [a neqoxec]
 47940 | WizLab   | Gained mutation: Scrolls take you a little longer to read. [a neqoxec]
 47953 | WizLab   | Gained mutation: You occasionally shout uncontrollably at your foes. [a cacodemon]
 48065 | WizLab   | Lost mutation: Potions are less effective at restoring your health. [potion of mutation]
 48065 | WizLab   | Lost mutation: Scrolls take you a little longer to read. [potion of mutation]
 48065 | WizLab   | Lost mutation: You occasionally shout uncontrollably at your foes. [potion of mutation]
 48065 | WizLab   | Gained mutation: You are agile. (Dex +2) [potion of mutation]
 48065 | WizLab   | Gained mutation: You are very agile. (Dex +4) [potion of mutation]
 48382 | Depths:1 | Reached skill level 10 in Armour
 48736 | Depths:2 | Found a gateway to a ziggurat.
 48778 | Depths:2 | Reached XP level 25. HP: 172/257 MP: 23/35
 48909 | Depths:2 | Received a gift from Okawaru
 48935 | Depths:2 | Identified the cursed +1 leather armour of Fofer {Int+3} (You found it on level 2 of the Depths)
 49777 | Depths:3 | Found a one-way gate leading to the halls of Pandemonium.
 49844 | Depths:3 | Noticed Frederick
 49855 | Depths:3 | Killed Frederick
 49888 | Depths:3 | Noticed a juggernaut
 49907 | Depths:3 | Killed a juggernaut
 50883 | Depths:3 | Noticed a juggernaut
 50888 | Depths:3 | Killed a juggernaut
 50956 | Depths:3 | Reached skill level 10 in Spellcasting
 50956 | Depths:3 | Reached skill level 10 in Transmutations
 51221 | Depths:3 | Received a gift from Okawaru
 51267 | Depths:3 | Identified the ring of Wienlois {Wiz *Slow +Fly rPois rF+++} (You found it on level 3 of the Depths)
 51890 | Depths:4 | Found the +8 longbow "Zephyr" {speed, Dex+3 SInv}
 51998 | Depths:4 | Reached XP level 26. HP: 266/266 MP: 36/36
 52144 | Depths:4 | Reached skill level 10 in Necromancy
 52726 | Depths:4 | Received a gift from Okawaru
 52773 | Depths:5 | Entered Level 5 of the Depths
 53212 | Depths:5 | Paralysed by a floating eye for 3 turns
 53464 | Depths:4 | Received a gift from Okawaru
 53647 | Depths:5 | Found a gate to the Realm of Zot.
 54161 | Spider:1 | Entered Level 1 of the Spider Nest
 55200 | Spider:2 | Noticed Arachne
 55211 | Spider:2 | Killed Arachne
 55211 | Spider:2 | Received a gift from Okawaru
 55220 | Spider:2 | Identified the +1 hat of the Pink Corner {+Fly rC+ Str+4} (Okawaru gifted it to you on level 2 of the Spider Nest)
 55316 | Spider:2 | Identified the cursed +0 scale mail of Uddayfagh {rElec} (You found it on level 2 of the Spider Nest)
 55481 | Spider:2 | Identified the +3 battleaxe of the Morning {protect, *Contam +Blink rC+++} (You found it on level 2 of the Spider Nest)
 55701 | Spider:3 | Noticed Louise
 55707 | Spider:3 | Killed Louise
 56254 | Spider:3 | Reached XP level 27. HP: 258/273 MP: 34/37
 56362 | Spider:4 | Entered Level 4 of the Spider Nest
 56779 | Spider:4 | Got a gossamer rune of Zot
 57353 | Elf:1    | Identified the +8 chain mail of Qoupp {rF+ SInv} (You found it on level 1 of the Elven Halls)
 57574 | Lair:6   | Fell from the grace of Okawaru
 57574 | Lair:6   | Became a worshipper of Jiyva Jaborghe the Shapeless
 57663 | Lair:6   | Reached * piety under Jiyva
 57884 | Shoals:4 | Reached ** piety under Jiyva
 57911 | Shoals:4 | Reached *** piety under Jiyva
 57920 | Shoals:4 | Lost mutation: You are very agile. (Dex +4) [Jiyva's grace]
 57928 | Shoals:4 | Reached **** piety under Jiyva
 57942 | Shoals:4 | Gained mutation: Your muscles are strong. (Str +2) [Jiyva's grace]
 57945 | Shoals:4 | Reached ***** piety under Jiyva
 57956 | Shoals:4 | Gained mutation: You are robust. (+10% HP) [Jiyva's grace]
 58122 | Orc:1    | Lost mutation: You are robust. (+10% HP) [Jiyva's grace]
 58135 | Orc:2    | Gained mutation: Scrolls take you a little longer to read. [Jiyva's grace]
 58135 | Orc:2    | Reached ****** piety under Jiyva
 58143 | Orc:1    | Lost mutation: You are agile. (Dex +2) [Jiyva's grace]
 58178 | Orc:1    | Lost mutation: Your muscles are strong. (Str +2) [Jiyva's grace]
 58208 | Orc:1    | Gained mutation: Your rubbery body absorbs attacks. (AC +1, EV +1) [Jiyva's grace]
 58257 | Orc:2    | Gained mutation: You have a small jelly attached to you that may absorb incoming projectiles. [Jiyva's grace]
 58274 | Orc:2    | Lost mutation: Scrolls take you a little longer to read. [Jiyva's grace]
 58320 | Orc:2    | Gained mutation: Your pliable body absorbs attacks. (AC +2, EV +2) [Jiyva's grace]
 58414 | Elf:1    | Lost mutation: You have a small jelly attached to you that may absorb incoming projectiles. [Jiyva's grace]
 58452 | Elf:1    | Gained mutation: Your muscles are strong. (Str +2) [Jiyva's grace]
 58481 | Elf:2    | Gained mutation: You are robust. (+10% HP) [Jiyva's grace]
 58490 | Elf:2    | Gained mutation: You are covered in slimy tendrils that may disarm your opponents. [Jiyva's grace]
 58508 | Elf:2    | Lost mutation: You are covered in slimy tendrils that may disarm your opponents. [Jiyva's grace]
 58520 | Elf:2    | Lost mutation: Your muscles are strong. (Str +2) [Jiyva's grace]
 58548 | Elf:2    | Gained mutation: You occasionally shout uncontrollably at your foes. [Jiyva's grace]
 58633 | Elf:3    | Gained mutation: Your muscles are strong. (Str +2) [Jiyva's grace]
 58639 | Elf:3    | Gained mutation: Your magical capacity is low. (-10% MP) [Jiyva's grace]
 58666 | Elf:3    | Lost mutation: Your pliable body absorbs attacks. (AC +2, EV +2) [Jiyva's grace]
 58675 | Elf:3    | Lost mutation: Your muscles are strong. (Str +2) [Jiyva's grace]
 58677 | Elf:3    | Gained mutation: You possess an exceptional clarity of mind. [Jiyva's grace]
 58693 | Elf:3    | Gained mutation: Your mind is acute. (Int +2) [Jiyva's grace]
 58719 | Elf:3    | Lost mutation: You occasionally shout uncontrollably at your foes. [Jiyva's power]
 58719 | Elf:3    | Gained mutation: You are resistant to electric shocks. (rElec) [Jiyva's grace]
 58720 | Elf:3    | Lost mutation: Your magical capacity is low. (-10% MP) [Jiyva's power]
 58888 | Vaults:1 | Lost mutation: You are robust. (+10% HP) [Jiyva's grace]
 58897 | Vaults:1 | Lost mutation: You possess an exceptional clarity of mind. [Jiyva's grace]
 58901 | Vaults:1 | Lost mutation: Your mind is acute. (Int +2) [Jiyva's grace]
 58907 | Vaults:1 | Gained mutation: Your flesh is cold resistant. (rC+) [Jiyva's grace]
 58979 | Vaults:2 | Lost mutation: Your flesh is cold resistant. (rC+) [Jiyva's grace]
 58988 | Vaults:2 | Gained mutation: You are covered in slimy tendrils that may disarm your opponents. [Jiyva's grace]
 59035 | Vaults:3 | Lost mutation: You are covered in slimy tendrils that may disarm your opponents. [Jiyva's grace]
 59082 | Vaults:3 | Gained mutation: You are resistant to hostile enchantments. (MR+) [Jiyva's grace]
 59133 | Vaults:4 | Gained mutation: Your mind is acute. (Int +2) [Jiyva's grace]
 59143 | Vaults:4 | Gained mutation: You are highly resistant to hostile enchantments. (MR++) [Jiyva's grace]
 59178 | Vaults:4 | Lost mutation: Your rubbery body absorbs attacks. (AC +1, EV +1) [Jiyva's grace]
 59206 | Vaults:4 | Gained mutation: You are agile. (Dex +2) [Jiyva's grace]
 59222 | Vaults:4 | Gained mutation: You have sharp toenails. [Jiyva's grace]
 59239 | Vaults:5 | Lost mutation: Your mind is acute. (Int +2) [Jiyva's grace]
 59242 | Vaults:5 | Lost mutation: You have sharp toenails. [Jiyva's grace]
 59243 | Vaults:5 | Gained mutation: Scrolls take you a little longer to read. [Jiyva's grace]
 59244 | Vaults:5 | Gained mutation: Your rubbery body absorbs attacks. (AC +1, EV +1) [Jiyva's grace]
 59246 | Vaults:5 | Lost mutation: Scrolls take you a little longer to read. [Jiyva's grace]
 59246 | Vaults:5 | Gained mutation: Armour fits poorly on your pseudopods. [Jiyva's grace]
 59250 | Vaults:5 | Lost mutation: You are highly resistant to hostile enchantments. (MR++) [Jiyva's grace]
 59252 | Vaults:5 | Gained mutation: You are highly resistant to hostile enchantments. (MR++) [Jiyva's grace]
 59277 | Vaults:5 | Lost mutation: You are resistant to electric shocks. (rElec) [Jiyva's grace]
 59287 | Vaults:5 | Lost mutation: You are highly resistant to hostile enchantments. (MR++) [Jiyva's grace]
 59311 | Vaults:5 | Gained mutation: You have large cloven feet. [Jiyva's grace]
 59345 | Vaults:2 | Gained mutation: You have supernaturally acute eyesight. (SInv) [Jiyva's grace]
 59368 | Vaults:2 | Gained mutation: You have a somewhat thin skeletal structure. (Dex +2, Stealth) [Jiyva's grace]
 59523 | D:9      | Gained mutation: You are partially covered in iridescent scales. (AC +2) [Jiyva's grace]
 59654 | D:7      | Fell from the grace of Jiyva
 59654 | D:7      | Became a worshipper of Zin the Law-Giver
 59654 | D:7      | Reached * piety under Zin
 59654 | D:7      | Reached ** piety under Zin
 59655 | D:7      | Donated 1802 gold pieces to Zin
 59656 | D:7      | Donated 901 gold pieces to Zin
 59669 | D:7      | Reached *** piety under Zin
 59755 | D:9      | Donated 451 gold pieces to Zin
 59792 | D:9      | Reached **** piety under Zin
 59922 | Slime:1  | Entered Level 1 of the Pits of Slime
 59924 | Slime:1  | Donated 225 gold pieces to Zin
 59939 | Slime:1  | Reached ***** piety under Zin
 60096 | Slime:1  | Donated 113 gold pieces to Zin
 60371 | Depths:1 | Voluntarily entered the Abyss.
 60403 | Abyss:1  | Found a corrupted altar of Lugonu.
 60499 | Abyss:1  | Donated 56 gold pieces to Zin
 60615 | Abyss:1  | Found a corrupted altar of Lugonu.
 60754 | Abyss:1  | Found a corrupted altar of Lugonu.
 60833 | Abyss:1  | Reached ****** piety under Zin
 61415 | Abyss:2  | Found a corrupted altar of Lugonu.
 61446 | Abyss:2  | Found a corrupted altar of Lugonu.
 61491 | Abyss:2  | Found a corrupted altar of Lugonu.
 61645 | Abyss:2  | Lost mutation: Armour fits poorly on your pseudopods. [the vengeance of Jiyva]
 61791 | Abyss:2  | Reached skill level 15 in Transmutations
 61902 | Abyss:3  | Got a pair of shimmering boots
 61903 | Abyss:3  | Identified the +2 pair of boots "Biupo" {Dex+3} (You acquired it on level 3 of the Abyss)
 61908 | Abyss:3  | Identified a +2 pair of boots of running (You acquired it on level 3 of the Abyss)
 62127 | Abyss:3  | Found a viscous altar of Jiyva.
 62598 | Abyss:3  | Lost mutation: You have supernaturally acute eyesight. (SInv) [mutagenic glow]
 62598 | Abyss:3  | Gained mutation: Scrolls take you a little longer to read. [mutagenic glow]
 62706 | Abyss:3  | Found a deep blue altar of Sif Muna.
 62749 | Abyss:3  | Identified the amulet "Soim" {RegenMP rC+} (You found it on level 3 of the Abyss)
 62749 | Abyss:3  | Identified the Almanac of Summoning
 63529 | Abyss:3  | Reached skill level 15 in Necromancy
 63582 | Abyss:3  | Found a corrupted altar of Lugonu.
 63600 | Abyss:3  | Got an abyssal rune of Zot
 63733 | Depths:1 | Escaped the Abyss
 64000 | Slime:4  | Noticed Dissolution
 64007 | Slime:4  | Killed Dissolution
 64058 | Slime:5  | Entered Level 5 of the Pits of Slime
 64166 | Slime:5  | Noticed the Royal Jelly
 64192 | Slime:5  | Paralysed by a floating eye for 3 turns
 64219 | Slime:5  | Killed the Royal Jelly
 64244 | Slime:5  | Found a viscous altar of Jiyva.
 64301 | Slime:5  | Got a brightly glowing lead amulet
 64304 | Slime:5  | Identified the amulet "Zith" {Acrobat MR+} (You found it on level 5 of the Pits of Slime)
 64306 | Slime:5  | Lost mutation: Your rubbery body absorbs attacks. (AC +1, EV +1) [the vengeance of Jiyva]
 64314 | Slime:5  | Got a heavily runed turquoise ring
 64317 | Slime:5  | Identified the ring of Life {MR+ Str+4} (You found it on level 5 of the Pits of Slime)
 64382 | Slime:5  | Got a slimy rune of Zot
 64389 | Slime:5  | Identified the +5 leather armour of Beogh's Regard {rN+ MR- Slay+4} (You found it on level 5 of the Pits of Slime)
 64801 | Crypt:1  | Entered Level 1 of the Crypt
 65130 | Crypt:1  | Was forgiven by Jiyva
 65343 | Crypt:1  | Found a runed gate.
 65402 | Crypt:1  | Found a runed gate.
 65402 | Crypt:1  | Found a runed gate.
 65403 | Crypt:1  | Noticed ZyGmUnTMoLoTcH's ghost (legendary MiFi)
 65609 | Crypt:1  | Noticed ZyGmUnTMoLoTcH's ghost (legendary MiFi)
 65636 | Crypt:1  | Killed ZyGmUnTMoLoTcH's ghost
 65638 | Crypt:1  | Killed ZyGmUnTMoLoTcH's ghost
 65744 | Crypt:2  | Noticed Bai Suzhen
 65755 | Crypt:2  | Killed Bai Suzhen
 66202 | Crypt:2  | Noticed Margery
 66209 | Crypt:2  | Cast into level 4 of the Abyss (Margery)
 66256 | Crypt:2  | Escaped the Abyss
 66277 | Crypt:2  | Killed Margery
 66786 | Crypt:3  | Entered Level 3 of the Crypt
 67055 | Crypt:3  | Found a staircase to the Tomb.
 67146 | Crypt:3  | Was forgiven by Okawaru
 67363 | Crypt:3  | Noticed Mara
 67372 | Crypt:3  | Noticed ZyGmUnTMoLoTcH's illusion
 67415 | Crypt:3  | Killed Mara
 67642 | Crypt:3  | Found an ancient bone altar of Kikubaaqudgha.
 67668 | Crypt:3  | Noticed Jory
 67691 | Crypt:3  | Killed Jory
 67726 | Crypt:3  | Identified the Incunabulum of Blows and Bruises
 67889 | Crypt:3  | Got a wavering lead ring
 68509 | Zot:1    | Entered Level 1 of the Realm of Zot
 68547 | Zot:1    | Noticed an orb of fire
 68559 | Zot:1    | Killed an orb of fire
 68888 | Zot:1    | Found a runed gate.
 68889 | Zot:1    | Found a runed gate.
 68889 | Zot:1    | Found a runed gate.
 68890 | Zot:1    | Noticed Vugijo's ghost (legendary SpEn)
 68890 | Zot:1    | Noticed strelocc's ghost (master MiBe)
 68891 | Zot:1    | Noticed Ylauseud's ghost (legendary MfGl)
 68891 | Zot:1    | Noticed Wotuonke's ghost (legendary GnFi)
 70563 | Zot:3    | Got a heavily runed jade ring
 70566 | Zot:3    | Identified the ring of Urehodwi {Ice rElec SInv Stlth+} (You found it on level 3 of the Realm of Zot)
 70569 | Zot:3    | Identified the ring "Xiwekausal" {Fire Str-5 Dex+4 Stlth+} (You took it off a vampire knight on level 3 of the Crypt)
 70677 | Zot:3    | Got a shimmering golden ring
 70733 | Zot:3    | Identified the ring of the Exiled Suns {Fire rN+ Str+4 Dex-2} (You found it on level 3 of the Realm of Zot)
 70751 | Zot:3    | Found a runed gate.
 70753 | Zot:3    | Found a runed gate.
 70755 | Zot:3    | Found a runed gate.
 70756 | Zot:3    | Noticed Popraera's ghost (legendary MfSk)
 70757 | Zot:3    | Noticed Qydoh's ghost (legendary SpEn)
 70757 | Zot:3    | Noticed Eti Unetaam's ghost (legendary SpEn)
 71790 | Zot:4    | Learned a level 6 spell: Deflect Missiles
 72242 | Zot:5    | Entered Level 5 of the Realm of Zot
 72274 | Zot:5    | Reached skill level 1 in Charms
 72802 | D:4      | Fell from the grace of Zin
 72802 | D:4      | Became a worshipper of the Shining One
 72802 | D:4      | Reached * piety under the Shining One
 72802 | D:4      | Reached ** piety under the Shining One
 72802 | D:4      | Reached *** piety under the Shining One
 72802 | D:4      | Reached **** piety under the Shining One
 73078 | Hell     | Entered the Vestibule of Hell
 73093 | Hell     | Noticed Geryon
 73114 | Hell     | Reached ***** piety under the Shining One
 73118 | Hell     | Killed Geryon
 73198 | Hell     | Found a gateway to the ashen valley of Gehenna.
 73301 | Hell     | Found a gateway to the freezing wastes of Cocytus.
 73370 | Hell     | Reached ****** piety under the Shining One
 73371 | Hell     | Identified a +9 executioner's axe of holy wrath (a +9 executioner's axe of chopping blessed by the Shining One)
 73371 | Hell     | Received a gift from the Shining One
 73416 | Hell     | Found a gateway to the decaying netherworld of Tartarus.
 73740 | D:4      | Fell from the grace of the Shining One
 73740 | D:4      | Became a worshipper of Makhleb the Destroyer
 74057 | Zig:1    | Entered Level 1 of a ziggurat
 74058 | Zig:1    | Noticed Sarghem the pandemonium lord
 74083 | Zig:1    | Killed Sarghem the pandemonium lord
 74095 | Zig:2    | Entered Level 2 of a ziggurat
 74128 | Zig:3    | Entered Level 3 of a ziggurat
 74249 | Zig:4    | Entered Level 4 of a ziggurat
 74273 | Zig:4    | Identified the Almanac of Confrontation
 74357 | Zig:4    | Got a warped bone ring
 74376 | Zig:4    | HP: 13/273 [daeva/divine providence[the Shining One] (13)]
 74639 | Zig:5    | Entered Level 5 of a ziggurat
 74644 | Zig:5    | Found the +11 mace of Variability {chaos}
 74678 | Zig:5    | Got a coiled zirconium amulet
 74681 | Zig:5    | Identified the amulet of Syem {RegenMP MR++ Str-2 Dex+7} (You found it on level 5 of a ziggurat)
 74683 | Zig:5    | Identified the ring of Ojededd {*Tele +Fly MR+} (You found it on level 4 of a ziggurat)
 74694 | Zig:6    | Entered Level 6 of a ziggurat
 74708 | Zig:6    | Paralysed by accursed screaming for 1 turns
 74711 | Zig:6    | Reached * piety under Makhleb
 74726 | Zig:6    | Got a twitching ruby amulet
 74729 | Zig:6    | Identified the amulet "Dykereso" {+Rage rElec Int+2 Dex+4} (You found it on level 6 of a ziggurat)
 74793 | Zig:7    | Entered Level 7 of a ziggurat
 74799 | Zig:7    | Noticed Tuhatef the pandemonium lord
 74813 | Zig:7    | Killed Tuhatef the pandemonium lord
 74876 | Zig:8    | Entered Level 8 of a ziggurat
 74883 | Zig:8    | Noticed Oceink the pandemonium lord
 74905 | Zig:8    | Killed Oceink the pandemonium lord
 74911 | Zig:8    | Reached skill level 1 in Air Magic
 75118 | Zig:9    | Entered Level 9 of a ziggurat
 75139 | Zig:9    | Reached ** piety under Makhleb
 75155 | Zig:9    | Identified the Collected Works on Cloudy Black Rituals
 75172 | Zig:9    | Identified the +1 ring mail of Ireahof {Dex+7} (You found it on level 9 of a ziggurat)
 75182 | Zig:10   | Entered Level 10 of a ziggurat
 75189 | Zig:10   | Noticed a greater mummy
 75191 | Zig:10   | Found the +8 trident of the Octopus King {venom, rElec rPois MR+}
 75204 | Zig:10   | Killed a greater mummy
 75233 | Zig:10   | Identified the +10 plate armour of Foolhardiness {rN+ Str+4 Slay-3} (You found it on level 10 of a ziggurat)
 75241 | Zig:11   | Entered Level 11 of a ziggurat
 75261 | Zig:11   | Paralysed by accursed screaming for 1 turns
 75267 | Zig:11   | Reached *** piety under Makhleb
 75279 | Zig:11   | Got a vibrating golden ring
 75281 | Zig:11   | Identified the cursed ring "Diupheci" {rN+ Str-2} (You found it on level 11 of a ziggurat)
 75311 | Zig:12   | Entered Level 12 of a ziggurat
 75321 | Zig:12   | Found the +8 demon blade "Bloodbane" {slice, *Rage +Rage Stlth-}
 75333 | Zig:12   | Lost mutation: You are resistant to hostile enchantments. (MR+) [miscasting Necromutation]
 75341 | Zig:12   | Paralysed by the wrath of Zin for 2 turns
 75385 | Zig:12   | Got a faintly glowing steel amulet
 75388 | Zig:12   | Identified the amulet of the Establishment {+Rage rF+ rN+} (You found it on level 12 of a ziggurat)
 75496 | Zig:13   | Entered Level 13 of a ziggurat
 75632 | Zig:13   | Noticed Odghailu the pandemonium lord
 75641 | Zig:13   | Reached **** piety under Makhleb
 75647 | Zig:13   | HP: 2/273 [Brimstone Fiend (16)]
 75648 | Zig:13   | Killed from afar by an oklob plant

Vault maps used:
D:1:      minmay_arrival_pointy
D:4:      grunt_temple_overflow_open, temple_fountains, ebering_ghost_sewer_d,
          first_ration
D:5:      portal_sewer_entry_b, fedhas_altar_1
D:6:      basic_altar
D:7:      minitemple, the_bakery, serial_bayou_pond_d, uniq_duvessa
D:8:      lemuel_slime, serial_shops, shop, shop, nicolae_shop_crystal, shop,
          nicolae_shop_behind_doors
D:9:      grunt_gozag_breadcrumbs
D:10:     grunt_lair_entry_orc_guard_hut, lightli_bailey_entry_fortress
D:11:     serial_shops, shop, jmf_multi_god_temple2
D:12:     erik_orc_2, portal_ice_cave_rime
D:13:     serial_shops, kennysheep_mini_moat, kennysheep_pointless_box
D:14:     lightli_vaults_fourway_checkpoint
D:15:     hangedman_depths_entry_civil_slaughter,
          nicolae_dithmenos_shadow_blocks
Temple:   minmay_freezing_vapour_temple
Lair:1:   ebering_ghost_reflecting_pool, uniq_erica
Lair:2:   shoals_dummy_entry, grunt_megastairs_2, serial_bayou_shore_b,
          serial_bayou_shore_a
Lair:3:   cheibrodos_lair_lostbears
Lair:4:   dummy_spider_entry, small_statue_intersection, serial_bayou_shore_b,
          uniq_kirke
Lair:5:   special_room, grunt_megastairs_4
Lair:6:   grunt_lair_end_beastmaster, slime_altar_1
Shoals:2: uniq_polyphemus
Shoals:4: shoals_end_simple, shoals_ilsuiw_alternative
Spider:1: spider_trap
Spider:2: uniq_arachne
Spider:3: uniq_louise
Spider:4: grunt_spider_rune_circles, hangedman_spider_mandibles
Slime:4:  dissolution_awaits
Orc:1:    basic_altar
Orc:2:    kennysheep_orc_mage_school, nicolae_orc_lost_temple, uniq_josephine
Elf:1:    minmay_the_grid_triangle_9x9_rhombus_thin, serial_shops, shop,
          minivault_28, laboratory
Elf:2:    fake_guardian_serpent_vault, uniq_asterion
Elf:3:    elf_hall_gauntlet_narrow, ebering_ghost_reflecting_pool, st_stairs_7,
          door_vault, minmay_shop_grove, uniq_saint_roka
Vaults:1: st_spiral_rooms, v_alt_pattern_5, grunt_vaults_swirl, v_misc_8,
          nicolae_vaults_little_squares_2, vaults_room_hallway, v_misc_24,
          nicolae_vaults_little_squares_4, nicolae_vaults_little_squares_2,
          nicolae_vaults_network_s, vaults_mumra_minichess, serial_shops, shop,
          uniq_nikola
Vaults:2: v_misc_28, v_misc_22, hangedman_vaults_restitches,
          vaults_room_corners, hangedman_vaults_stagger, vaults_dpeg_spiral,
          minmay_crypt_entry_skeletal_spiral, hangedman_vaults_hard_town_square,
          v_rooms_2, nicolae_vaults_little_squares_1, v_misc_32,
          vaults_dpeg_diagonal
Vaults:3: v_misc_10, v_misc_2, hangedman_vaults_slice, dpeg_vaults_monster_row,
          hangedman_vaults_slither, hangedman_vaults_impose, v_alt_pattern_6,
          st_hourglassy, nicolae_vaults_shelves_hall,
          nicolae_vaults_little_squares_6, nicolae_vaults_back_hallway,
          nicolae_vaults_angled_halls, vaults_room_semicircle, serial_shops,
          nicolae_shop_behind_doors
Vaults:4: nicolae_vaults_quartermaster, vaults_dpeg_encased_lava,
          vaults_room_fancy_cross, v_misc_28, ontoclasm_vaults_pinch,
          ontoclasm_vaults_ring_square, vaults_room_pools,
          nicolae_vaults_little_squares_6, hangedman_vaults_capsules,
          nicolae_vaults_alarming, vaults_room_fours, vaults_dpeg_hooks,
          nicolae_vaults_shelves_hall, vaults_room_semicircle, uniq_donald
Crypt:1:  gammafunk_ghost_cemetery, minmay_misc_feat_cross, moated_statue
Crypt:2:  cheibrodos_crypt_draghalla, uniq_bai_suzhen, uniq_margery
Crypt:3:  church_of_pain_bobbens, uniq_mara, uniq_jory
Depths:1: nicolae_water_bricks, hell_entry, abyss_entry, mu_enter_wizlab_6,
          kennysheep_generic_room_11
Depths:2: hourglass_vault, enter_ziggurat_a, minmay_misc_feat_square,
          hell_entry, st_stairs_14, infiniplex_staircase_zigzag_2
Depths:3: cell_vault, pan_entry, abyss_entry, grunt_hell_entry_dis_grunt,
          minmay_misc_feat_rows, small_chamber_with_monster, kb_rosetta,
          uniq_frederick
Depths:4: vault_1, abyss_entry, pf_coc_iceberg, kennysheep_generic_room_9
Depths:5: grunt_crosshair, pf_hell_entry_tar_spiral, special_room,
          minmay_misc_feat_four_crosses
Zot:1:    gammafunk_ghost_cemetery
Zot:3:    gammafunk_ghost_cemetery, st_stairs_5, st_large_dragon_hoard_2
Zot:5:    bh_zot_levy_curve
Abyss:4:  guppyfry_abyss_exit_spiral_guarded, evilmike_abyss_exit_3
Zig:9:    ziggurat_pillar_centre_c
Zig:13:   ziggurat_pillar_centre_oklobs
Sewer:    sewer_co_cracked_pipes
Bailey:   bailey_polearm_2, bailey
IceCv:    ice_cave_caverns_03
WizLab:   wizlab_doroklohe

Skill      XL: |  1  2  3  4  5  6  7  8  9 10 11 12 13 14 15 16 17 18 19 20 21 22 23 24 25 26 27 |
---------------+----------------------------------------------------------------------------------+-----
Fighting       | 4 5 6 7 9 11 13 14 16 17 18 19 22 23 24 25 26 27 | 27.0
Axes           | 3 4 5 6 8 10 12 15 17 19 20 21 23 24 25 26 27 | 27.0
Dodging        | 4 6 8 9 10 11 12 13 14 15 19 | 19.0
Spellcasting   | 3 5 6 7 8 9 10 11 14 | 14.6
Transmutations | 3 5 6 7 8 10 13 20 | 20.2
Necromancy     | 3 4 5 6 7 9 12 19 | 19.3
Armour         | 6 10 11 14 | 14.0
Charms         | 3 |  3.8
Air Magic      | 2 |  2.6
Shields        | |  3.6

Action                   |  1- 3 |  4- 6 |  7- 9 | 10-12 | 13-15 | 16-18 | 19-21 | 22-24 | 25-27 || total
-------------------------+-------+-------+-------+-------+-------+-------+-------+-------+-------++-------
Melee: War axe           |    64 |   184 |   394 |   442 |       |       |       |       |       ||  1084
       Headbutt          |     9 |    27 |    75 |   104 |   220 |   194 |   185 |   159 |  1165 ||  2138
       Flail             |       |       |       |    18 |    10 |       |       |       |       ||    28
       Broad axe         |       |       |       |    57 |   397 |       |       |       |       ||   454
       Punch             |       |       |       |       |     3 |       |       |       |       ||     3
       Battleaxe         |       |       |       |       |   640 |   315 |       |       |   279 ||  1234
       Executioner's axe |       |       |       |       |       |   715 |   766 |   557 |  3415 ||  5453
       Pseudopods        |       |       |       |       |       |       |       |       |    94 ||    94
       Unarmed           |       |       |       |       |       |       |       |       |     2 ||     2
 Cast: Necromutation     |       |       |       |       |       |       |       |       |    17 ||    17
       Regeneration      |       |       |       |       |       |       |       |       |     2 ||     2
Invok: Heroism           |       |       |       |    15 |    26 |    19 |     6 |    15 |     9 ||    90
       Finesse           |       |       |       |       |     1 |     2 |       |     1 |       ||     4
       Request Jelly     |       |       |       |       |       |       |       |       |    46 ||    46
       Donate Gold       |       |       |       |       |       |       |       |       |     7 ||     7
       Cure Bad Mutation |       |       |       |       |       |       |       |       |     4 ||     4
       Vitalisation      |       |       |       |       |       |       |       |       |     3 ||     3
       Recite            |       |       |       |       |       |       |       |       |     1 ||     1
       Brand Weapon With |       |       |       |       |       |       |       |       |     1 ||     1
 Abil: Stop Flying       |       |       |       |       |       |       |       |     1 |     1 ||     2
       Evoke Flight      |       |       |       |       |       |       |       |       |     2 ||     2
       End Transformatio |       |       |       |       |       |       |       |       |     2 ||     2
Evoke: Wand              |       |       |       |       |     2 |       |       |     9 |     1 ||    12
  Use: Potion            |       |     1 |       |     3 |     2 |     1 |     1 |     4 |    20 ||    32
       Scroll            |       |       |    11 |    11 |     7 |    21 |     8 |     4 |    40 ||   102
 Stab: Distracted        |       |       |     1 |       |       |       |       |       |     1 ||     2
       Petrified         |       |       |       |       |     6 |       |       |       |       ||     6
  Eat: Chunk             |       |     6 |    16 |    20 |    36 |    31 |    20 |     8 |    32 ||   169
       Ration            |       |       |       |     2 |     1 |     1 |       |     1 |    14 ||    19
Armor: Scale mail        |    35 |    23 |       |       |       |       |       |       |       ||    58
       Chain mail        |       |    60 |   128 |       |    45 |       |       |       |   396 ||   629
       Plate armour      |       |       |     3 |   242 |   432 |   206 |       |       |       ||   883
       Crystal plate arm |       |       |       |       |       |   477 |   419 |   523 |  2025 ||  3444
       Quicksilver drago |       |       |       |       |       |       |       |       |    99 ||    99
Dodge: Dodged            |    24 |    38 |    65 |    88 |   370 |   387 |   182 |   277 |  2569 ||  4000
Block: Shield            |    38 |    65 |   145 |   217 |       |       |       |       |       ||   465
       Other             |       |       |       |     6 |   156 |    97 |       |       |       ||   259
       Reflection        |       |       |       |     1 |     4 |     8 |       |       |       ||    13

Table legend:
 A = Spawn XP
 B = Non-spawn XP
 C = Spawn XP percentage of total XP
 D = Spawn monster count
 E = Non-spawn monster count
 F = Spawn count percentage of total count
 G = Total turns spent on level
                    A         B        C        D         E        F      G
               +---------+---------+-------+---------+---------+-------+---------
         Total |   97790 | 2157718 |   4.3 |     183 |    3197 |   5.4 | 75648
               +---------+---------+-------+---------+---------+-------+---------
           D:1 |       0 |     149 |   0.0 |       0 |      33 |   0.0 |   671
           D:2 |       0 |      75 |   0.0 |       0 |      18 |   0.0 |   778
           D:3 |       0 |     279 |   0.0 |       0 |      38 |   0.0 |   943
           D:4 |       0 |     686 |   0.0 |       0 |      23 |   0.0 |  1186
           D:5 |       0 |     862 |   0.0 |       0 |      31 |   0.0 |  1444
           D:6 |       0 |     961 |   0.0 |       0 |      16 |   0.0 |   980
           D:7 |       0 |    1665 |   0.0 |       0 |      27 |   0.0 |  1344
           D:8 |       0 |    2507 |   0.0 |       0 |      38 |   0.0 |  1292
           D:9 |       0 |    2279 |   0.0 |       0 |      39 |   0.0 |   858
          D:10 |       0 |    2231 |   0.0 |       0 |      24 |   0.0 |  1081
          D:11 |       0 |    7156 |   0.0 |       0 |      21 |   0.0 |  1406
          D:12 |       0 |    7102 |   0.0 |       0 |      44 |   0.0 |  2157
          D:13 |       0 |   10871 |   0.0 |       0 |      45 |   0.0 |  1438
          D:14 |       0 |   14137 |   0.0 |       0 |      40 |   0.0 |  1890
          D:15 |       0 |   11165 |   0.0 |       0 |      27 |   0.0 |   864
        Lair:1 |       0 |    4453 |   0.0 |       0 |      10 |   0.0 |  1180
        Lair:2 |       0 |    2548 |   0.0 |       0 |      11 |   0.0 |  1286
        Lair:3 |       0 |    2399 |   0.0 |       0 |      10 |   0.0 |   934
        Lair:4 |       0 |    7195 |   0.0 |       0 |      26 |   0.0 |   836
        Lair:5 |       0 |   11086 |   0.0 |       0 |      44 |   0.0 |  1270
        Lair:6 |       0 |   14666 |   0.0 |       0 |      40 |   0.0 |  1652
      Shoals:1 |       0 |   11741 |   0.0 |       0 |      27 |   0.0 |  2109
      Shoals:2 |       0 |   13824 |   0.0 |       0 |      21 |   0.0 |  1412
      Shoals:3 |       0 |   11920 |   0.0 |       0 |      25 |   0.0 |  2424
      Shoals:4 |       0 |   54106 |   0.0 |       0 |      91 |   0.0 |  1962
      Spider:1 |       0 |   18779 |   0.0 |       0 |      59 |   0.0 |   869
      Spider:2 |       0 |   21231 |   0.0 |       0 |      54 |   0.0 |   723
      Spider:3 |       0 |   14990 |   0.0 |       0 |      38 |   0.0 |   687
      Spider:4 |       0 |   40851 |   0.0 |       0 |      94 |   0.0 |   768
       Slime:1 |       0 |   22713 |   0.0 |       0 |      32 |   0.0 |   201
       Slime:2 |       0 |    5489 |   0.0 |       0 |      14 |   0.0 |    66
       Slime:3 |       0 |    5418 |   0.0 |       0 |      12 |   0.0 |    55
       Slime:4 |       0 |   16815 |   0.0 |       0 |       5 |   0.0 |   157
       Slime:5 |       0 |   39778 |   0.0 |       0 |      26 |   0.0 |   294
         Orc:1 |       0 |    3151 |   0.0 |       0 |      50 |   0.0 |   537
         Orc:2 |       0 |   17139 |   0.0 |       0 |      91 |   0.0 |  1897
         Elf:1 |       0 |   29827 |   0.0 |       0 |      63 |   0.0 |  1289
         Elf:2 |       0 |   54271 |   0.0 |       0 |      74 |   0.0 |  1625
         Elf:3 |       0 |   71042 |   0.0 |       0 |      76 |   0.0 |  2335
      Vaults:1 |       0 |   50774 |   0.0 |       0 |      65 |   0.0 |  1844
      Vaults:2 |       0 |   60830 |   0.0 |       0 |      93 |   0.0 |  1523
      Vaults:3 |       0 |   61475 |   0.0 |       0 |      89 |   0.0 |  1511
      Vaults:4 |       0 |   74865 |   0.0 |       0 |      99 |   0.0 |  2105
      Vaults:5 |       0 |  179297 |   0.0 |       0 |     139 |   0.0 |  1434
       Crypt:1 |       0 |   33457 |   0.0 |       0 |      43 |   0.0 |  1096
       Crypt:2 |       0 |   62171 |   0.0 |       0 |      60 |   0.0 |  1087
       Crypt:3 |       0 |  106847 |   0.0 |       0 |     117 |   0.0 |  1226
      Depths:1 |       0 |   48080 |   0.0 |       0 |      62 |   0.0 |   950
      Depths:2 |       0 |   58035 |   0.0 |       0 |      60 |   0.0 |  1192
      Depths:3 |       0 |   81113 |   0.0 |       0 |      50 |   0.0 |  1697
      Depths:4 |       0 |   85935 |   0.0 |       0 |      77 |   0.0 |  1748
      Depths:5 |       0 |   81204 |   0.0 |       0 |      89 |   0.0 |   822
          Hell |       0 |   57118 |   0.0 |       0 |      76 |   0.0 |   393
         Zot:1 |       0 |   46571 |   0.0 |       0 |      28 |   0.0 |   646
         Zot:2 |       0 |   52358 |   0.0 |       0 |      39 |   0.0 |  1231
         Zot:3 |       0 |   92967 |   0.0 |       0 |      49 |   0.0 |   992
         Zot:4 |       0 |   74421 |   0.0 |       0 |      41 |   0.0 |   988
         Zot:5 |       0 |   19508 |   0.0 |       0 |      14 |   0.0 |   118
       Abyss:1 |   19386 |   31096 |  38.4 |      37 |      50 |  42.5 |   959
       Abyss:2 |   10088 |    8493 |  54.3 |      18 |      11 |  62.1 |   470
       Abyss:3 |   67777 |   69904 |  49.2 |     127 |     120 |  51.4 |  1933
       Abyss:4 |     539 |     322 |  62.6 |       1 |       1 |  50.0 |    47
         Zig:1 |       0 |    2051 |   0.0 |       0 |       2 |   0.0 |    38
         Zig:2 |       0 |    4361 |   0.0 |       0 |       2 |   0.0 |    33
         Zig:3 |       0 |    3406 |   0.0 |       0 |       8 |   0.0 |   121
         Zig:4 |       0 |    4766 |   0.0 |       0 |       5 |   0.0 |   390
         Zig:5 |       0 |    8131 |   0.0 |       0 |       6 |   0.0 |    55
         Zig:6 |       0 |    4701 |   0.0 |       0 |      14 |   0.0 |    99
         Zig:7 |       0 |   13357 |   0.0 |       0 |      10 |   0.0 |    83
         Zig:8 |       0 |   21725 |   0.0 |       0 |      11 |   0.0 |   242
         Zig:9 |       0 |    6539 |   0.0 |       0 |      16 |   0.0 |    64
        Zig:10 |       0 |   14366 |   0.0 |       0 |      30 |   0.0 |    59
        Zig:11 |       0 |   16966 |   0.0 |       0 |      28 |   0.0 |    70
        Zig:12 |       0 |   23815 |   0.0 |       0 |      16 |   0.0 |   185
        Zig:13 |       0 |   10507 |   0.0 |       0 |       8 |   0.0 |   152
         Sewer |       0 |      57 |   0.0 |       0 |      19 |   0.0 |   330
        Bailey |       0 |    2672 |   0.0 |       0 |      25 |   0.0 |  1438
         IceCv |       0 |   12711 |   0.0 |       0 |      50 |   0.0 |   985
        WizLab |       0 |   13189 |   0.0 |       0 |      18 |   0.0 |   381
               +---------+---------+-------+---------+---------+-------+---------
